[Event "Late-Titled-Tuesday-Blitz-March-26-2024"]
[Site "Chess.com"]
[Date "2024.03.26"]
[Round "11"]
[White "Gravity_Chess"]
[Black "bilelou"]
[Result "1-0"]
[WhiteElo "2831"]
[BlackElo "2707"]
[TimeControl "180+1"]
[EndTime "16:02:54 PDT"]
[Termination "Gravity_Chess won by resignation"]

1. c4 e6 2. Nc3 c5 3. Nf3 Nc6 4.
d4 cxd4 5. Nxd4 Bb4 6. g3 Nf6 7. Bg2 O-O 8. O-O Bxc3 9. bxc3 Qe7 10.
Rb1 Rd8 11. Qa4 Ne5 12. f4 Ng6 13. Ba3 d6 14. e4 Qe8 15. Qxe8+ Nxe8 16. Rfd1 a6 17. c5 dxc5 18. Bxc5 Bd7 19. Rxb7 Ba4 20. Rdb1 Rac8 21. Bb6 Rd7 22. Ba5 e5 23. Ne2 Nd6 24. Rxd7 Bxd7 25. Rd1 Nc4 26. Rxd7 Nxa5 27. Bh3 Rb8 28.
Rc7 h6 29. Rc8+ Rxc8 30. Bxc8 1-0

[Event "Late-Titled-Tuesday-Blitz-March-26-2024"]
[Site "Chess.com"]
[Date "2024.03.26"]
[Round "11"]
[White "xasid81"]
[Black "AlexeiShirov"]
[Result "1-0"]
[WhiteElo "2654"]
[BlackElo "2806"]
[TimeControl "180+1"]
[EndTime "16:02:54 PDT"]
[Termination "xasid81 won on time"]

1. Nf3 d5 2. d4 Nf6 3. Bf4 c5 4. e3 Nc6 5. Nbd2 Qb6 6. dxc5 Qxb2 7. Bd3 Qc3 8. Rb1 g6 9. O-O Bg7 10. h3 O-O 11. e4 e5 12. exd5 Nxd5 13. Ne4 Qa5 14.
Bd2 Qc7 15. Nd6 1-0

[Event "Late-Titled-Tuesday-Blitz-March-26-2024"]
[Site "Chess.com"]
[Date "2024.03.26"]
[Round "11"]
[White "PapaieDudu"]
[Black "Tol_Tol"]
[Result "1-0"]
[WhiteElo "2436"]
[BlackElo "2299"]
[TimeControl "180+1"]
[EndTime "16:02:55 PDT"]
[Termination "PapaieDudu won on time"]

1. Nf3 Nf6 2. d4 g6 3. c4 Bg7 4. Nc3 O-O 5. e3 d6 6. Be2 Nbd7 7. O-O e5 8. d5 a5 9. b3 Nc5 10. Bb2 a4 11. Nxa4 Nxa4 12. bxa4 Nd7 13. Bd3 Nc5 14. Bc2 Bd7 15. Rb1 Bxa4 16. a3 Bd7 17. Nd2 f5 18. f4 exf4 19. Bxg7 Kxg7 20. exf4 Re8 21. Nb3 Nxb3 22. Rxb3 Qf6 23. Rxb7 Rxa3 24. Rxc7 Re7 25. c5 dxc5 26. d6 Rf7 27. Bb3 Rxb3 28. Qxb3 Qxd6 29. Qc3+ Rf6 30. Rxc5 Be6 31. Rc7+ Bf7 32. Ra1 1-0

[Event "Late-Titled-Tuesday-Blitz-March-26-2024"]
[Site "Chess.com"]
[Date "2024.03.26"]
[Round "11"]
[White "subham777"]
[Black "ChessSwole"]
[Result "0-1"]
[WhiteElo "2553"]
[BlackElo "2680"]
[TimeControl "180+1"]
[EndTime "16:02:57 PDT"]
[Termination "ChessSwole won by resignation"]

1. e4 d6 2. d4 Nf6 3. Nc3 g6 4. Be2 Bg7 5. h4 h6 6. Be3 c6 7. Qd2 b5 8. a3 Qc7 9. d5 a6 10. dxc6 Nxc6 11. Nf3 Be6 12. Nd4 Nxd4 13. Bxd4 O-O 14.
h5 g5 15. f4 gxf4 16. Qxf4 Rab8 17. O-O-O b4 18. axb4 Rxb4 19. g4 Qa5 20. g5 hxg5 21. Qf2 Qa1+ 22. Kd2 Qa5 23. Bxf6 Bxf6 24. Bd3 Rxb2 25.
Rdg1 Qxc3+ 26. Kd1 Kh8 27. e5 Qxd3+ 28. cxd3 Rxf2 29.
exf6 exf6 30. Re1 Rb8 0-1

[Event "Late-Titled-Tuesday-Blitz-March-26-2024"]
[Site "Chess.com"]
[Date "2024.03.26"]
[Round "11"]
[White "deepfear"]
[Black "Viktor_Poddubnyi"]
[Result "1-0"]
[WhiteElo "1999"]
[BlackElo "2269"]
[TimeControl "180+1"]
[EndTime "16:03:02 PDT"]
[Termination "deepfear won on time"]

1. e4 g6 2. d4 Bg7 3. f4 d6 4.
Nf3 Nf6 5. Bd3 O-O 6. O-O Nc6 7. c3 e5 8. fxe5 dxe5 9. d5 Ne7 10. Nxe5 Nfxd5 11. Nxf7 Rxf7 12. Rxf7 Kxf7 13. exd5 Qxd5 14. Qf1+ Ke8 15.
Be3 Bf5 16. Bc4 Qe4 17. Bc5 b6 18. Bxe7 Qxe7 19. Bb5+ Kf8 20. Na3 Kg8 21. Re1 Qc5+ 22. Kh1 Rf8 23. Qc4+ Qxc4 24. Bxc4+ Kh8 25. Nb5 c6 26.
Nxa7 1-0

[Event "Late-Titled-Tuesday-Blitz-March-26-2024"]
[Site "Chess.com"]
[Date "2024.03.26"]
[Round "11"]
[White "Konavets"]
[Black "ckgchess"]
[Result "1-0"]
[WhiteElo "3152"]
[BlackElo "2945"]
[TimeControl "180+1"]
[EndTime "16:03:05 PDT"]
[Termination "Konavets won by checkmate"]

1. e4 c5 2. Nf3 d6 3. d4 cxd4 4.
Nxd4 Nf6 5. Bd3 Nc6 6. Be3 Ng4 7. Nxc6 bxc6 8. Bd4 e5 9. Bc3 Be7 10. h3 Nf6 11.
Nd2 O-O 12. O-O Be6 13. a4 Nd7 14. Nc4 Nc5 15. b3 Kh8 16. Bb4 Nxd3 17. Qxd3 Bxc4 18.
bxc4 c5 19. Bc3 Qc8 20. f4 exf4 21. Rxf4 f6 22. Qd5 Rb8 23. Rd1 Qe8 24. a5 Qf7 25. Qd3 Qe6 26. Rf5 Rfe8 27. Rdf1 Kg8 28. Rd5 Bf8 29. Rf4 Rb1+ 30. Kh2 Qf7 31. Qg3 Qg6 32. Rg4 Qf7 33. Rf5 Re6 34. Rgf4 Qg6 35. Qd3 Qf7 36. Rg4 Kh8 37. Qd5 Rb8 38. h4 Rbe8 39.
h5 h6 40. Rg6 Qd7 41. Bxf6 gxf6 42. Rfxf6 Rxf6 43. Qg8# 1-0

[Event "Late-Titled-Tuesday-Blitz-March-26-2024"]
[Site "Chess.com"]
[Date "2024.03.26"]
[Round "11"]
[White "wild3000"]
[Black "hellokostya"]
[Result "0-1"]
[WhiteElo "2421"]
[BlackElo "2589"]
[TimeControl "180+1"]
[EndTime "16:03:07 PDT"]
[Termination "hellokostya won by resignation"]

1. a3 e5 2. e3 d5 3. b4 Bd6 4. Bb2 Nf6 5. c4 c6 6. Nf3 Qe7 7. d4 e4 8. Ne5 Nbd7 9. Nxd7 Bxd7 10. Nd2 h5 11. Be2 h4 12. h3 Rh6 13. cxd5 cxd5 14.
Rc1 Rg6 15. Bf1 Nh7 16. Qh5 Nf6 17. Qh8+ Qf8 18. Qxf8+ Kxf8 19. Nb3 b6 20. b5 Ne8 21. a4 f5 22. Bc3 f4 23. Bd2 Rf6 24. Na1 g5 25. Nc2 Rc8 26. Be2 Ng7 27. O-O Nf5 28.
Bg4 Ke7 29. Nb4 Bxb4 30. Bxb4+ Kf7 31. Rxc8 Bxc8 32. Rc1 Be6 33. Rc7+ Kg6 34. Bd2 fxe3 35. fxe3 Ng3 36. Rc1 Bxg4 37. hxg4 Ne2+ 38. Kh2 Nxc1 39. Bxc1 Rf2 40. Ba3 Ra2 41. Bd6 Rxa4 42. Kg1 Ra5 43.
Bb8 Rxb5 44. Bxa7 Rb2 45. Bb8 b5 46. Bd6 b4 47. Kf1 b3 0-1

[Event "Late-Titled-Tuesday-Blitz-March-26-2024"]
[Site "Chess.com"]
[Date "2024.03.26"]
[Round "11"]
[White "DrVelja"]
[Black "HansOnTwitch"]
[Result "0-1"]
[WhiteElo "3029"]
[BlackElo "3116"]
[TimeControl "180+1"]
[EndTime "16:03:08 PDT"]
[Termination "HansOnTwitch won by resignation"]

1. e4 c5 2. Nf3 d6 3. d4 cxd4 4. Nxd4 Nf6 5. Nc3 a6 6. Be3 e5 7.
Nb3 Be6 8. f3 h5 9. Nd5 Nxd5 10.
exd5 Bf5 11. Bd3 Bxd3 12. Qxd3 Be7 13. O-O-O Nd7 14. Kb1 Rc8 15. Nd2 Bg5 16. Ne4 Be7 17. h4 Qc7 18. Bg5 f6 19. Bc1 f5 20. Ng5 Bxg5 21.
hxg5 g6 22. g4 Qc4 23. Qd2 fxg4 24. fxg4 Qxg4 25. Rhg1 Qc4 26. Rgf1 Nc5 27. Rf6 Ne4 28. Re6+ Kd7 29. Qg2 Rhf8 30. Re1 Qxd5 31. Rxd6+ Kxd6 32. Rxe4 Rc4 0-1

[Event "Late-Titled-Tuesday-Blitz-March-26-2024"]
[Site "Chess.com"]
[Date "2024.03.26"]
[Round "11"]
[White "ural58"]
[Black "AndresDelgado77"]
[Result "1-0"]
[WhiteElo "2458"]
[BlackElo "2332"]
[TimeControl "180+1"]
[EndTime "16:03:10 PDT"]
[Termination "ural58 won on time"]

1. e4 e6 2. d4 d5 3. Nc3 Nf6 4. Bg5 Bb4 5. e5 h6 6. exf6 hxg5 7. fxg7 Rg8 8. a3 Bxc3+ 9. bxc3 Qf6 10. h4 gxh4 11.
Qh5 Qxg7 12. Qxh4 c5 13. Nf3 c4 14. g3 Nd7 15. Rb1 Nf6 16. Ne5 a6 17. Bg2 b5 18. a4 Bd7 19. Nxd7 Kxd7 20. axb5 axb5 21. Rxb5 Ra1+ 22. Ke2 Rxh1 23. Bxh1 Qg6 24. Qf4 Qxc2+ 25. Kf1 Qd1+ 26. Kg2 Rh8 27. Rb7+ 1-0

[Event "Late-Titled-Tuesday-Blitz-March-26-2024"]
[Site "Chess.com"]
[Date "2024.03.26"]
[Round "11"]
[White "Kosak12"]
[Black "bazar-wokzal"]
[Result "1-0"]
[WhiteElo "2751"]
[BlackElo "2560"]
[TimeControl "180+1"]
[EndTime "16:03:12 PDT"]
[Termination "Kosak12 won by resignation"]

1. b3 e5 2. Bb2 Nc6 3. g3 h5 4. h4 Nf6 5. Bg2 d5 6. e3 e4 7. d3 Bg4 8. Ne2 Bb4+ 9. Nd2 Qe7 10. a3 Bxd2+ 11. Qxd2 Ne5 12. O-O-O Nf3 13. Bxf3 Bxf3 14.
Rhg1 Ng4 15. Rdf1 f6 16. Nf4 Qf7 17. Qb4 O-O-O 18. Kb1 Rh6 19. d4 g5 20. Nh3 Rg6 21.
c4 Nh2 22. Rc1 Be2 23. Ka1 Nf3 24. Rh1 Bd3 25. Rc3 Kb8 26. Rhc1 c6 27. cxd5 Rxd5 28.
Rxc6 Rg8 29. a4 Rdd8 30. Ba3 Ka8 31. Rc7 Qd5 32. R1c5 b6 33. Rxd5 Rxd5 34. Qe7 Ra5 35.
Qd7 Ba6 36. Rxa7+ 1-0

[Event "Late-Titled-Tuesday-Blitz-March-26-2024"]
[Site "Chess.com"]
[Date "2024.03.26"]
[Round "11"]
[White "andrzej"]
[Black "LeoWin2012"]
[Result "0-1"]
[WhiteElo "2483"]
[BlackElo "2304"]
[TimeControl "180+1"]
[EndTime "16:03:15 PDT"]
[Termination "LeoWin2012 won by checkmate"]

1. d4 Nf6 2. Bg5 g6 3. Bxf6 exf6 4. e3 f5 5. g3 d5 6. Bg2 c6 7. Ne2 Bg7 8. O-O O-O 9. h4 h5 10. b3 Nd7 11. c4 dxc4 12. bxc4 Nb6 13. Qc2 Be6 14. Nd2 Qe7 15. Nf4 Rac8 16. Rab1 Rfd8 17.
a4 Rc7 18. a5 Nd7 19. Rfc1 Nb8 20. Qb2 Na6 21. Nd3 c5 22. Nf3 cxd4 23. exd4 Bxc4 24. Nde5 Bd5 25. Rxc7 Nxc7 26. Qc1 Ne6 27. Qb2 Nxd4 28. Nxd4 Bxe5 29. Re1 Bxg2 30. Kxg2 Qf6 31. Rd1 Rxd4 32.
Rxd4 Bxd4 33. Qxb7 Qe6 34. Qb8+ Kg7 35. Qb4 Qe4+ 36.
Kh2 Bxf2 37. Qc3+ Bd4 38. Qc7 Qe2+ 39. Kh3 Qf1+ 40. Kh2 Bg1+ 41. Kh1 Bf2+ 42. Kh2 Qg1+ 43. Kh3 Qh1# 0-1

[Event "Late-Titled-Tuesday-Blitz-March-26-2024"]
[Site "Chess.com"]
[Date "2024.03.26"]
[Round "11"]
[White "Fonsofan"]
[Black "1mbl4"]
[Result "1-0"]
[WhiteElo "2762"]
[BlackElo "2620"]
[TimeControl "180+1"]
[EndTime "16:03:18 PDT"]
[Termination "Fonsofan won by checkmate"]

1. b4 c6 2. Bb2 Qb6 3. a3 a5 4. c4 d6 5. Qb3 Nf6 6. Nc3 axb4 7. axb4 Rxa1+ 8. Bxa1 Na6 9. Na2 e5 10. e3 Be7 11.
Nf3 O-O 12. Be2 e4 13. Nd4 d5 14. c5 Qc7 15. f4 exf3 16. Nxf3 Ne4 17. O-O Bf6 18.
Bxf6 Nxf6 19. Nc3 Re8 20. Bxa6 bxa6 21. Ne2 a5 22. b5 cxb5 23. Qxb5 Bd7 24. Qb6 Qxb6 25.
cxb6 Bb5 26. Nfd4 Bxe2 27. Nxe2 Rb8 28. Rb1 a4 29. Nc3 a3 30. Rb3 h5 31. d4 Kh7 32.
Kf2 Ne4+ 33. Nxe4 dxe4 34. Kg3 g5 35. h4 f6 36. hxg5 fxg5 37. Rxa3 Rxb6 38. Ra5 Kg6 39. Re5 Rb2 40. Rxe4 Rd2 41. Re8 h4+ 42. Kf3 Kh5 43. Re5 Kg6 44. d5 Kf6 45. Re6+ Kf5 46. e4# 1-0

[Event "Late-Titled-Tuesday-Blitz-March-26-2024"]
[Site "Chess.com"]
[Date "2024.03.26"]
[Round "11"]
[White "omeed_87"]
[Black "ozates"]
[Result "0-1"]
[WhiteElo "2439"]
[BlackElo "2570"]
[TimeControl "180+1"]
[EndTime "16:03:18 PDT"]
[Termination "ozates won by checkmate"]

1. d4 g6 2. Nc3 Bg7 3. e4 d6 4.
Be2 a6 5. a4 Nf6 6. Be3 O-O 7. g4 c5 8. g5 Nfd7 9. h4 Nc6 10. Nf3 cxd4 11. Nxd4 Qa5 12. Nb3 Qd8 13. h5 Nde5 14. f4 Nd7 15. hxg6 hxg6 16. Bc4 Nb6 17.
Bd3 d5 18. Qd2 d4 19. Qh2 Re8 20. Qh7+ Kf8 21. O-O-O dxe3 22. Bc4 Qc7 23. Rh4 Nb4 24. Rdh1 e6 25. f5 exf5 26. exf5 Bxf5 27. Be2 Nxc2 28. Bh5 e2 29. Bxg6 Bxg6 30. Qxg6 fxg6 31. Rf4+ Qxf4+ 32. Kb1 e1=Q+ 33. Ka2 Nb4+ 34. Ka3 Qxh1 35. a5 Nc4+ 36.
Kxb4 Qd6+ 37. Nc5 Qhc6 38. Na4 Qb5# 0-1

[Event "Late-Titled-Tuesday-Blitz-March-26-2024"]
[Site "Chess.com"]
[Date "2024.03.26"]
[Round "11"]
[White "Zhigalko_Sergei"]
[Black "CarlosjPineror"]
[Result "0-1"]
[WhiteElo "2870"]
[BlackElo "2750"]
[TimeControl "180+1"]
[EndTime "16:03:21 PDT"]
[Termination "CarlosjPineror won on time"]

1. e4 c5 2. c3 e6 3. d4 Nf6 4. e5 Nd5 5. Nf3 cxd4 6. cxd4 b6 7. Bc4 Bb7 8. O-O Na6 9. Nc3 Nac7 10. Ne4 Ne3 11.
Bxe3 Bxe4 12. Ng5 Bd5 13. Bxd5 Nxd5 14. Qh5 g6 15. Qf3 f5 16. Nh3 Be7 17. Nf4 Nxf4 18. Bxf4 O-O 19. d5 g5 20. Bd2 g4 21. Qd3 Bg5 22.
Rfd1 Bxd2 23. Qxd2 f4 24. Rac1 Qg5 25. dxe6 dxe6 26. Qd7 Qg6 27. Rd6 Rae8 28. Qxa7 g3 29. Qxb6 gxh2+ 30. Kh1 f3 31. gxf3 Kh8 32. Qd4 Rg8 33.
Qg4 Qh6 34. Qc4 Qh3 0-1

[Event "Late-Titled-Tuesday-Blitz-March-26-2024"]
[Site "Chess.com"]
[Date "2024.03.26"]
[Round "11"]
[White "FMYiLiu"]
[Black "azikom"]
[Result "0-1"]
[WhiteElo "2504"]
[BlackElo "2628"]
[TimeControl "180+1"]
[EndTime "16:03:21 PDT"]
[Termination "azikom won by resignation"]

1. d4 d5 2. Nc3 c6 3. Bf4 Qb6 4. e3 Qxb2 5. Nge2 Nf6 6. Rb1 Qa3 7. h4 Qa5 8. f3 Nbd7 9. h5 h6 10. Kf2 e6 11. e4 dxe4 12. Nxe4 Nxe4+ 13. fxe4 e5 14. Bd2 Qd8 15. c3 Qf6+ 16. Kg1 Bd6 17. Rh3 Nb6 18. Rf3 Qe7 19. a4 Bg4 20. Rg3 Bxh5 21. a5 Nc4 22. Rxg7 exd4 23. cxd4 Qxe4 24. Rxb7 Ne3 25. Bxe3 Qxe3+ 26. Kh1 Kf8 27. Rb3 Qe4 28. Rgg3 Bxg3 29. Rxg3 Re8 0-1

[Event "Late-Titled-Tuesday-Blitz-March-26-2024"]
[Site "Chess.com"]
[Date "2024.03.26"]
[Round "11"]
[White "1g60-1"]
[Black "campochess"]
[Result "1-0"]
[WhiteElo "2394"]
[BlackElo "2187"]
[TimeControl "180+1"]
[EndTime "16:03:22 PDT"]
[Termination "1g60-1 won by checkmate"]

1. e4 c5 2. Nf3 Nc6 3. d4 cxd4 4. Nxd4 e5 5. Nb5 a6 6. Nd6+ Bxd6 7. Qxd6 Qe7 8. Qd3 Nf6 9. Nc3 d6 10. Bg5 Be6 11. Nd5 Bxd5 12. exd5 Nb8 13. O-O-O Nbd7 14. Kb1 O-O 15. Be2 Rfc8 16. c4 b5 17. Rc1 bxc4 18. Rxc4 Nc5 19. Qc2 Rcb8 20. Rc1 Rb6 21. Ka1 Rab8 22.
Bf3 h6 23. Bxf6 Qxf6 24. Rb1 Rb4 25. Rxb4 Rxb4 26. Qc3 Rd4 27. b4 Nd3 28. Be2 Nxb4 29. Rxb4 Rxd5 30. Bd3 g6 31. Bc4 Rd1+ 32. Rb1 Qxf2 33.
Rxd1 Qxg2 34. Qd3 Qxh2 35. Qxd6 Qf4 36. Qxg6+ Kf8 37. Qd3 h5 38. Rf1 Qh2 39. Rxf7+ Ke8 40. Qd7# 1-0

[Event "Late-Titled-Tuesday-Blitz-March-26-2024"]
[Site "Chess.com"]
[Date "2024.03.26"]
[Round "11"]
[White "lluiss"]
[Black "AlejandroArias"]
[Result "0-1"]
[WhiteElo "2220"]
[BlackElo "2358"]
[TimeControl "180+1"]
[EndTime "16:03:22 PDT"]
[Termination "AlejandroArias won on time"]

1. Nf3 e6 2. e4 d5 3. exd5 exd5 4. d4 Nf6 5. Bd3 Bd6 6. h3 O-O 7. O-O h6 8. c3 c5 9. dxc5 Bxc5 10. Nbd2 Nc6 11. Nb3 Bb6 12. Re1 Qd6 13. Nbd4 a6 14.
Be3 Bc7 15. Ne2 Nh5 16. g4 Qf6 17. Kg2 Ne5 18. Ned4 Nf4+ 19. Bxf4 Qxf4 20. Bf1 Ng6 21. Qd2 Nh4+ 0-1

[Event "Late-Titled-Tuesday-Blitz-March-26-2024"]
[Site "Chess.com"]
[Date "2024.03.26"]
[Round "11"]
[White "GlavkonVVS"]
[Black "FairChess_on_YouTube"]
[Result "0-1"]
[WhiteElo "2655"]
[BlackElo "3075"]
[TimeControl "180+1"]
[EndTime "16:03:25 PDT"]
[Termination "FairChess_on_YouTube won by resignation"]

1. c4 a6 2. e3 b6 3. d4 c6 4. Nf3 d6 5. Nc3 e6 6. Bd3 g6 7. h4 h6 8. Qc2 Ne7 9. b3 Bg7 10.
Bb2 Nd7 11. O-O-O Bb7 12. e4 c5 13. d5 e5 14. h5 Nf6 15. hxg6 fxg6 16. Kb1 Bc8 17.
Nh4 Bd7 18. g3 Qc7 19. f4 Ng4 20. Qe2 O-O-O 21. f5 h5 22. fxg6 Bf6 23. Nf5 Rdg8 24. g7 Rh7 25. Bc1 Nxf5 26. exf5 Rgxg7 27. Ne4 Kb7 28.
Rdf1 Bc8 29. Rh3 Bd7 30. Rfh1 Be8 31. Nf2 Nxf2 32. Qxf2 Qe7 33. Be2 e4 34. Bb2 Bxb2 35. Kxb2 Qe5+ 36. Kb1 Rg5 37. g4 Bd7 38. Rxh5 Rhxh5 39. Rxh5 Rxh5 40. gxh5 e3 41. Qf1 Bxf5+ 42. Bd3 e2 0-1

[Event "Late-Titled-Tuesday-Blitz-March-26-2024"]
[Site "Chess.com"]
[Date "2024.03.26"]
[Round "11"]
[White "GMMikhailKazakov"]
[Black "jinbojinbo"]
[Result "0-1"]
[WhiteElo "2515"]
[BlackElo "2644"]
[TimeControl "180+1"]
[EndTime "16:03:25 PDT"]
[Termination "jinbojinbo won on time"]

1. e4 c5 2. Nf3 d6 3. d4 cxd4 4. Nxd4 Nf6 5. Nc3 Nc6 6. Bg5 Bd7 7. f3 Qa5 8. Be3 Rc8 9. Nb3 Qc7 10. Qd2 a6 11. O-O-O e6 12. Kb1 b5 13. g4 h6 14. h4 b4 15. Ne2 a5 16. Ned4 a4 17. Nb5 Qb8 18. N3d4 Nxd4 19. Nxd4 d5 20. e5 Ng8 21. f4 Bc5 22. Bh3 Ne7 23. f5 Qxe5 24. fxe6 fxe6 25. Rhe1 Qg3 26. Qg2 Qxg2 27. Bxg2 e5 28.
Nf5 d4 29. Nxe7 Bxe7 30. Bg1 Bxg4 31. Rd2 O-O 32. Rxe5 Bxh4 33. Re4 Bg5 0-1

[Event "Late-Titled-Tuesday-Blitz-March-26-2024"]
[Site "Chess.com"]
[Date "2024.03.26"]
[Round "11"]
[White "DishonorOnYourCow"]
[Black "Veleamater"]
[Result "1-0"]
[WhiteElo "2547"]
[BlackElo "2413"]
[TimeControl "180+1"]
[EndTime "16:03:29 PDT"]
[Termination "DishonorOnYourCow won by checkmate"]

1. d4 d6 2. c4 g6 3. Nc3 Bg7 4. e4 Nf6 5. f4 O-O 6. Nf3 c5 7. d5 e6 8. dxe6 fxe6 9. Bd3 Nc6 10. O-O d5 11. cxd5 exd5 12. Nxd5 Nxd5 13. Bc4 Ne7 14.
exd5 Kh8 15. Be3 b6 16. d6 Nf5 17. Bf2 h6 18. Ne5 Qf6 19. Qd5 Rb8 20. Rad1 Bb7 21. Qe6 Qxe6 22. Bxe6 Kh7 23. Nd7 Nd4 24. Nxb8 Nxe6 25.
Nd7 Rd8 26. Ne5 Nxf4 27. Bh4 Ne2+ 28. Kf2 Bxe5 29. Bxd8 Nd4 30. d7 Bc6 31. Kg1 Kg8 32. Bxb6 Bxd7 33. Bxc5 Ne2+ 34. Kh1 Bb5 35. Rd8+ Kg7 36.
Bf8+ Kh7 37. Rf7+ Kg8 38. Re7 Bf6 39. Bg7+ Be8 40. Rdxe8+ Kh7 41. Bxf6# 1-0

[Event "Late-Titled-Tuesday-Blitz-March-26-2024"]
[Site "Chess.com"]
[Date "2024.03.26"]
[Round "11"]
[White "Bilan_Danila"]
[Black "TanitoluwaAps116"]
[Result "0-1"]
[WhiteElo "2636"]
[BlackElo "2817"]
[TimeControl "180+1"]
[EndTime "16:03:31 PDT"]
[Termination "TanitoluwaAps116 won on time"]

1. d4 Nf6 2. Nf3 e6 3. g3 b5 4. Bg2 Bb7 5. O-O c5 6. a4 b4 7. c4 cxd4 8. Qxd4 Nc6 9. Qd3 Bc5 10. b3 O-O 11. Bb2 d5 12. cxd5 exd5 13. Nbd2 Rc8 14. Rac1 Bb6 15. Nd4 Ne5 16. Qf5 Re8 17. Nb5 Rxc1 18.
Rxc1 Neg4 19. Nd4 g6 20. Qf3 Ne5 21. Qf4 Nh5 22. Qh4 Qxh4 23. gxh4 Nf4 24. Bf1 Ba6 25. e3 Nfd3 26. Bxd3 Nxd3 27. Rb1 Nxb2 28. Rxb2 Bxd4 29. exd4 Re2 0-1

[Event "Late-Titled-Tuesday-Blitz-March-26-2024"]
[Site "Chess.com"]
[Date "2024.03.26"]
[Round "11"]
[White "ernestina08chess"]
[Black "gorgeous1083"]
[Result "1-0"]
[WhiteElo "2244"]
[BlackElo "2068"]
[TimeControl "180+1"]
[EndTime "16:03:32 PDT"]
[Termination "ernestina08chess won by resignation"]

1. e4 e6 2. d4 d5 3. e5 c5 4. c3 Qb6 5. Nf3 Nc6 6. Bd3 Bd7 7. O-O cxd4 8. Re1 a5 9. Nbd2 dxc3 10. bxc3 Bc5 11.
Qe2 Nge7 12. Rb1 Qc7 13. Nb3 b6 14. h4 h6 15. Nxc5 bxc5 16. Ba3 c4 17. Bc2 Na7 18. Bd6 Qc8 19. Nd4 Nec6 20. Nxc6 Bxc6 21. Qg4 g6 22. h5 g5 23. f4 Rg8 24. f5 Bd7 25. Rf1 Nb5 26.
fxe6 Bxe6 27. Bf5 Nxd6 28. exd6 Kd7 29. Bxe6+ fxe6 30. Rf7+ Kc6 31. Rc7+ Qxc7 32. dxc7 Kxc7 33. Qxe6 1-0

[Event "Late-Titled-Tuesday-Blitz-March-26-2024"]
[Site "Chess.com"]
[Date "2024.03.26"]
[Round "11"]
[White "Fh2411"]
[Black "giomar27"]
[Result "0-1"]
[WhiteElo "2571"]
[BlackElo "2468"]
[TimeControl "180+1"]
[EndTime "16:03:36 PDT"]
[Termination "giomar27 won by resignation"]

1. d4 f6 2. Nf3 g6 3. g3 Nh6 4.
Bg2 Nf7 5. O-O Bg7 6. e4 O-O 7. Re1 d6 8. c4 Nc6 9. Nc3 e5 10. Be3 f5 11. d5 Ne7 12. c5 h6 13. Rc1 fxe4 14. Nd2 a6 15. Ndxe4 Nf5 16. Qd3 Nxe3 17. fxe3 Bf5 18. Qc4 Kh8 19. a4 Ng5 20. Nxg5 Qxg5 21. Ne4 Qe7 22. a5 Rac8 23. Rf1 h5 24. Qb4 Bh6 25.
Rfe1 Bxe4 26. Bxe4 Qf6 27. Qd2 h4 28. g4 h3 29. Qe2 Qg5 30. b4 Rcd8 31. cxd6 cxd6 32. Rc3 Rf6 33. Rf1 Rdf8 34. Rxf6 Qxf6 35. Rc1 Rf7 36. Rc3 Qh4 37. Rc1 Kg7 38. Rc3 Qg5 39. Rc1 Qxe3+ 0-1

[Event "Late-Titled-Tuesday-Blitz-March-26-2024"]
[Site "Chess.com"]
[Date "2024.03.26"]
[Round "11"]
[White "Koalaskakistis"]
[Black "Binary010"]
[Result "0-1"]
[WhiteElo "2515"]
[BlackElo "2781"]
[TimeControl "180+1"]
[EndTime "16:03:39 PDT"]
[Termination "Binary010 won by resignation"]

1. Nf3 c5 2. g3 Nc6 3. Bg2 g6 4. O-O Bg7 5. c4 d6 6. Nc3 e5 7. d3 Nge7 8. Ne1 Be6 9. Nc2 d5 10. cxd5 Nxd5 11. Nxd5 Bxd5 12. Bxd5 Qxd5 13. Ne3 Qe6 14.
Nc4 O-O 15. Be3 b6 16. Rc1 Rfd8 17. Qc2 Rac8 18. a3 h5 19. h4 b5 20. Nd2 Nd4 21. Bxd4 exd4 22. Ne4 c4 23. a4 Re8 24. Qd2 bxa4 25. Rfe1 a3 26. bxa3 c3 27. Qf4 Rb8 28. Rb1 Rxb1 29. Rxb1 Qe5 30. Qc1 Rb8 31. Kg2 Rxb1 32.
Qxb1 Qc7 33. Qc2 Qb7 34. Qa4 f5 35. Qc4+ Kh7 36. f3 fxe4 37. fxe4 0-1

[Event "Late-Titled-Tuesday-Blitz-March-26-2024"]
[Site "Chess.com"]
[Date "2024.03.26"]
[Round "11"]
[White "HanSchut"]
[Black "HelenaWalker2912"]
[Result "0-1"]
[WhiteElo "2278"]
[BlackElo "2481"]
[TimeControl "180+1"]
[EndTime "16:03:44 PDT"]
[Termination "HelenaWalker2912 won by checkmate"]

1. e4 c6 2. d4 d5 3. e5 c5 4. dxc5 e6 5. a3 Bxc5 6. b4 Be7 7. Qg4 g6 8. Bd3 a5 9. bxa5 Nd7 10. Nf3 h5 11. Qf4 Nc5 12. Bd2 Nh6 13. O-O Bd7 14. Nc3 Nxd3 15. cxd3 Nf5 16. a4 g5 17. Nxg5 Rg8 18.
Nf3 Rg4 19. Nxd5 exd5 20. e6 Rxf4 21. exd7+ Qxd7 22. Bxf4 Rxa5 23. Rfe1 Rxa4 24. Bg5 Rxa1 25. Rxa1 Bxg5 26. Nxg5 Qb5 27. Re1+ Kf8 28. d4 Qd3 29. Nf3 b5 30. h3 b4 31. Ne5 Qc3 32. Nd7+ Kg7 33. Re5 Qc1+ 34. Kh2 Qf4+ 35. g3 Qxf2+ 36. Kh1 Nxg3# 0-1

[Event "Late-Titled-Tuesday-Blitz-March-26-2024"]
[Site "Chess.com"]
[Date "2024.03.26"]
[Round "11"]
[White "aghasiyevkamal"]
[Black "vladoboch"]
[Result "0-1"]
[WhiteElo "2633"]
[BlackElo "2512"]
[TimeControl "180+1"]
[EndTime "16:03:45 PDT"]
[Termination "vladoboch won by resignation"]

1. d4 Nf6 2. Nf3 g6 3. Bg5 Bg7 4.
Nbd2 d5 5. e3 O-O 6. Be2 c5 7.
O-O Nc6 8. c3 Qb6 9. Qb3 c4 10.
Qa3 Qc7 11. b3 b5 12. Qc5 Qb6 13. Qxb6 axb6 14. Bxf6 Bxf6 15. e4 e6 16. e5 Be7 17.
a4 b4 18. bxc4 bxc3 19. Nb3 dxc4 20. Bxc4 Na5 21. Nxa5 bxa5 22. d5 exd5 23. Bxd5 Rb8 24. Nd4 Bc5 25. Nc6 Rb2 26. Rac1 Ba6 27. Rxc3 Bxf2+ 28.
Kh1 Bxf1 29. g4 Rb1 30. Ba2 Ra1 31. Rf3 Bh3+ 0-1

[Event "Late-Titled-Tuesday-Blitz-March-26-2024"]
[Site "Chess.com"]
[Date "2024.03.26"]
[Round "11"]
[White "Kavyev_Ruslan"]
[Black "karinachess1"]
[Result "0-1"]
[WhiteElo "2398"]
[BlackElo "2566"]
[TimeControl "180+1"]
[EndTime "16:03:45 PDT"]
[Termination "karinachess1 won on time"]

1. d4 Nf6 2. Nf3 e6 3. c4 d5 4.
g3 dxc4 5. Bg2 Nc6 6. O-O Rb8 7. a4 Bb4 8. Na3 Na5 9. Ne5 c3 10. Rb1 cxb2 11. Bxb2 O-O 12. Qc2 c6 13. Nac4 Nxc4 14. Qxc4 a5 15. e4 b5 16. Qxc6 Bb7 17. Qc2 Rc8 18.
Qe2 bxa4 19. Ra1 a3 20. Bxa3 Qxd4 21. Bb2 Qb6 22. Nc4 Qb5 23. Bxf6 gxf6 24. Qg4+ Kh8 25. Ne3 Ra8 26. h4 Qe5 27. Nc4 Qd4 28. Qf4 Bc3 29. Ra4 Bc6 30. e5 Qxf4 31. gxf4 Bxa4 32. Bxa8 Rxa8 33.
Nb6 Bb5 34. Rb1 Rb8 35. Nd7 Rd8 36. Nxf6 Bb4 37. Kh2 Ra8 38. Rg1 a4 39. h5 Bd2 40.
Rg4 Be2 0-1

[Event "Late-Titled-Tuesday-Blitz-March-26-2024"]
[Site "Chess.com"]
[Date "2024.03.26"]
[Round "11"]
[White "Felix-Rose"]
[Black "Xavier_mompel"]
[Result "0-1"]
[WhiteElo "2275"]
[BlackElo "2366"]
[TimeControl "180+1"]
[EndTime "16:03:45 PDT"]
[Termination "Xavier_mompel won by resignation"]

1. e4 c5 2. Nf3 d6 3. d4 cxd4 4.
Nxd4 Nf6 5. Nc3 a6 6. Be3 e5 7.
Nb3 Be7 8. f3 Be6 9. Qd2 h5 10.
Nd5 Bxd5 11. exd5 Nbd7 12. a4 O-O 13. a5 Qc7 14. Be2 b5 15. axb6 Nxb6 16. Bxb6 Qxb6 17. Qa5 Qe3 18. Rd1 Bd8 19. Qd2 Qa7 20. Na5 Bb6 21. Nc6 Bf2+ 22. Kf1 Qb6 23. Bxa6 Be3 24. Qe2 Rxa6 25. Ne7+ Kh8 26. h4 Ra2 27. g4 hxg4 28.
h5 g3 29. Ng6+ fxg6 30. hxg6+ Bh6 31. Qd2 Qf2+ 32. Qxf2 gxf2 33. Rb1 Nxd5 34. b4 Rxc2 0-1